[ AOE2 MATCH · #506816996 ]
UnrankedKhmer vs Vietnamese
Player's team · WIN
Rival team · LOSS
[ REPLAY ANALYSIS · EXTRACTED FROM THE RECORDED GAME ]
Feudal
10:31
Castle
—
Imperial
—
| APM avg | 85.6 |
| APM peak | 142 |
| eAPM avg | 23.7 |
| Villagers / military | 35 / 21 |
Focus
⚔️ 27.2% · 🌾 72.8%
Skirmisher ×10 · Scout Cavalry ×6 · Militia ×3 · Archer ×2
Feudal
9:01
Castle
—
Imperial
—
| APM avg | 50.0 |
| APM peak | 62 |
| eAPM avg | 28.1 |
| Villagers / military | 41 / 13 |
Focus
⚔️ 31.9% · 🌾 68.1%
Archer ×10 · Spearman ×2 · Scout Cavalry ×1
Match map
Initial resources + every placement click. Lines = walls · curves = elevation contours. ◆ gold · ⬟ stone · ● berries · ✦ relic · ◌ wall gap
Your base· Open — unwalled flank
Dench's base· Open — unwalled flank
Smoothed initial terrain · ◌ = detected wall gap · hover for details
Inputs per minute
— uel - - Dench
Build order — uel
108 actions detected in the replay
| 0:01 | Create | Villager (Male) |
| 0:01 | Create | Villager (Male) |
| 0:04 | Build | House |
| 0:05 | Build | House |
| 0:19 | Create | Villager (Male) |
| 1:09 | Create | Villager (Male) |
| 1:10 | Create | Villager (Male) |
| 1:28 | Create | Villager (Male) |
| 2:03 | Create | Villager (Male) |
| 2:07 | Build | Lumber Camp |
| 2:18 | Create | Villager (Male) |
| 2:37 | Create | Villager (Male) |
| 3:06 | Create | Villager (Male) |
| 3:33 | Create | Villager (Male) |
| 3:33 | Create | Villager (Male) |
| 3:50 | Build | House |
| 3:57 | Create | Villager (Male) |
| 4:05 | Build | House |
| 4:17 | Create | Villager (Male) |
| 4:43 | Create | Villager (Male) |
| 5:01 | Build | Barracks |
| 5:05 | Create | Villager (Male) |
| 5:33 | Create | Villager (Male) |
| 5:37 | Build | House |
| 5:56 | Create | Militia |
| 5:56 | Create | Militia |
| 6:09 | Create | Militia |
| 6:13 | Create | Villager (Male) |
| 6:25 | Build | Mill |
| 6:27 | Create | Villager (Male) |
| 6:40 | Create | Villager (Male) |
| 7:03 | Create | Villager (Male) |
| 7:22 | Research | Loom |
| 8:16 | Research | Feudal Age |
| 8:16 | Research | Feudal Age |
| 9:07 | Build | Lumber Camp |
| 9:13 | Build | Farm |
| 9:14 | Build | Farm |
| 9:33 | Create | Villager (Male) |
| 9:34 | Build | Farm |
| 10:11 | Create | Villager (Male) |
| 10:31 | Age | Feudal Age |
| 10:46 | Create | Villager (Male) |
| 10:47 | Build | Stable |
| 10:49 | Research | Double-Bit Axe |
| 10:50 | Research | Double-Bit Axe |
| 11:01 | Build | House |
| 11:07 | Create | Villager (Male) |
| 11:12 | Research | Horse Collar |
| 11:23 | Build | House |
| 11:30 | Build | Farm |
| 11:38 | Create | Scout Cavalry |
| 11:38 | Create | Scout Cavalry |
| 11:40 | Create | Villager (Male) |
| 11:44 | Build | Palisade Wall |
| 11:53 | Build | Palisade Wall |
| 12:00 | Create | Villager (Male) |
| 12:01 | Build | Farm |
| 12:05 | Build | House |
| 12:27 | Create | Scout Cavalry |
| 12:43 | Build | House |
| 12:44 | Build | House |
| 12:57 | Create | Villager (Male) |
| 12:59 | Build | Archery Range |
| 13:07 | Create | Scout Cavalry |
| 13:17 | Build | House |
| 13:19 | Create | Villager (Male) |
| 13:21 | Build | Farm |
| 13:24 | Build | Palisade Wall |
| 13:31 | Build | Farm |
| 13:43 | Create | Scout Cavalry |
| 13:50 | Create | Skirmisher |
| 13:50 | Create | Skirmisher |
| 13:53 | Build | Palisade Wall |
| 13:57 | Create | Skirmisher |
| 14:16 | Create | Skirmisher |
| 14:17 | Create | Villager (Male) |
| 14:19 | Build | Mining Camp |
| 14:27 | Create | Skirmisher |
| 14:31 | Create | Villager (Male) |
| 14:41 | Build | Farm |
| 14:42 | Build | Farm |
| 14:47 | Create | Villager (Male) |
| 14:49 | Build | Blacksmith |
| 15:02 | Build | Farm |
| 15:10 | Create | Skirmisher |
| 15:19 | Create | Villager (Male) |
| 15:25 | Build | Farm |
| 15:37 | Research | Fletching |
| 15:37 | Research | Fletching |
| 15:39 | Create | Skirmisher |
| 15:46 | Build | Farm |
| 16:02 | Create | Skirmisher |
| 16:11 | Create | Scout Cavalry |
| 16:27 | Create | Skirmisher |
| 16:52 | Create | Villager (Male) |
| 16:54 | Build | Farm |
| 17:01 | Create | Skirmisher |
| 17:03 | Create | Archer |
| 17:17 | Create | Villager (Male) |
| 17:18 | Build | Farm |
| 17:18 | Build | Farm |
| 17:19 | Build | Farm |
| 17:24 | Build | Farm |
| 17:25 | Build | Farm |
| 17:49 | Build | House |
| 17:50 | Build | House |
| 17:59 | Create | Archer |
Build order — Dench
94 actions detected in the replay
| 0:00 | Create | Villager (Male) |
| 0:01 | Create | Villager (Male) |
| 0:01 | Create | Villager (Male) |
| 0:02 | Create | Villager (Male) |
| 0:03 | Build | House |
| 0:05 | Build | House |
| 1:25 | Create | Villager (Male) |
| 1:25 | Create | Villager (Male) |
| 2:09 | Create | Villager (Male) |
| 2:17 | Create | Villager (Male) |
| 2:17 | Create | Villager (Male) |
| 2:26 | Build | Lumber Camp |
| 2:47 | Create | Villager (Male) |
| 2:47 | Create | Villager (Male) |
| 3:00 | Create | Villager (Male) |
| 3:46 | Create | Villager (Male) |
| 3:46 | Create | Villager (Male) |
| 3:56 | Build | House |
| 4:08 | Create | Villager (Male) |
| 4:09 | Create | Villager (Male) |
| 4:18 | Create | Villager (Male) |
| 4:19 | Create | Villager (Male) |
| 4:30 | Create | Villager (Male) |
| 5:23 | Create | Villager (Male) |
| 5:23 | Create | Villager (Male) |
| 5:24 | Create | Villager (Male) |
| 5:41 | Build | Mill |
| 6:01 | Research | Loom |
| 6:02 | Research | Loom |
| 6:51 | Research | Feudal Age |
| 6:52 | Research | Feudal Age |
| 7:50 | Build | Barracks |
| 7:52 | Create | Villager (Male) |
| 8:03 | Build | Mining Camp |
| 8:34 | Build | House |
| 8:46 | Build | House |
| 8:59 | Build | Palisade Wall |
| 9:00 | Build | Palisade Wall |
| 9:01 | Age | Feudal Age |
| 9:11 | Research | Double-Bit Axe |
| 9:11 | Research | Double-Bit Axe |
| 9:17 | Create | Villager (Male) |
| 9:36 | Build | Archery Range |
| 10:02 | Create | Villager (Male) |
| 10:02 | Create | Villager (Male) |
| 10:03 | Create | Villager (Male) |
| 10:13 | Create | Villager (Male) |
| 10:33 | Create | Archer |
| 10:45 | Create | Archer |
| 10:49 | Create | Villager (Male) |
| 11:35 | Build | Blacksmith |
| 11:36 | Create | Villager (Male) |
| 11:46 | Create | Archer |
| 11:55 | Build | Palisade Wall |
| 11:56 | Build | Palisade Wall |
| 11:58 | Build | Palisade Wall |
| 12:21 | Create | Villager (Male) |
| 12:24 | Build | House |
| 12:24 | Create | Villager (Male) |
| 12:44 | Build | Farm |
| 12:46 | Build | Farm |
| 12:48 | Build | Farm |
| 12:49 | Build | Farm |
| 12:53 | Research | Fletching |
| 12:53 | Research | Fletching |
| 13:05 | Build | House |
| 13:07 | Create | Spearman |
| 13:09 | Create | Villager (Male) |
| 13:11 | Build | Farm |
| 13:15 | Create | Archer |
| 13:26 | Create | Villager (Male) |
| 13:50 | Create | Archer |
| 13:50 | Create | Villager (Male) |
| 13:53 | Build | Farm |
| 13:57 | Create | Spearman |
| 14:11 | Create | Villager (Male) |
| 14:13 | Build | Farm |
| 14:16 | Build | Farm |
| 14:49 | Create | Villager (Male) |
| 14:54 | Create | Villager (Male) |
| 14:58 | Build | Farm |
| 15:00 | Build | Farm |
| 15:00 | Create | Villager (Male) |
| 15:06 | Create | Archer |
| 15:06 | Create | Archer |
| 15:29 | Build | Farm |
| 16:06 | Create | Archer |
| 16:08 | Create | Villager (Male) |
| 16:09 | Create | Archer |
| 16:27 | Build | House |
| 16:52 | Create | Archer |
| 16:58 | Build | Stable |
| 17:08 | Create | Villager (Male) |
| 17:53 | Create | Scout Cavalry |
Match timeline
| 5:01 | uel · first_building Barracks |
| 7:50 | Dench · first_building Barracks |
| 8:59 | Dench · wall_segment Palisade Wall x1 |
| 9:00 | Dench · wall_segment Palisade Wall x1 |
| 9:01 | Dench · age_up feudal |
| 9:36 | Dench · first_building Archery Range |
| 10:31 | uel · age_up feudal |
| 10:47 | uel · first_building Stable |
| 11:44 | uel · wall_segment Palisade Wall x9 |
| 11:53 | uel · wall_segment Palisade Wall x12 |
| 11:55 | Dench · wall_segment Palisade Wall x1 |
| 11:56 | Dench · wall_segment Palisade Wall x1 |
| 11:58 | Dench · wall_segment Palisade Wall x1 |
| 12:59 | uel · first_building Archery Range |
| 13:24 | uel · wall_segment Palisade Wall x10 |
| 13:53 | uel · wall_segment Palisade Wall x11 |
| 16:58 | Dench · first_building Stable |
| 18:01 | Dench · resign |
[ AI ANALYSIS · 1 CREDIT ]
What really happened in this match?
Wolo.gg analyzes every decision: build order, eco, micro, common mistakes by bracket. Personalized analysis on WhatsApp or Discord in 30 seconds.
Civ guide
Khmer
Perfil
Jugador #9754373